 Dungeon Crawl Stone Soup version 0.23-a0-315-ga85b81c (webtiles) character file.

52 Amnesiac the Digger (level 3, 0/28 HPs)
             Began as a Deep Dwarf Earth Elementalist on Oct 13, 2018.
             Succumbed to a kobold's poison
             ... on level 3 of the Dungeon.
             The game lasted 00:02:55 (1041 turns).

Amnesiac the Digger (Deep Dwarf Earth Elementalist) Turns: 1041, Time: 00:02:56

Health: 0/28       AC:  2    Str: 11    XL:     3   Next: 60%
Magic:  6/6        EV: 12    Int: 16    God:
Gold:   102        SH:  0    Dex: 13    Spells: 3/6 levels left

rFire    . . .     SeeInvis .   a - +2 whip (elec)
rCold    . . .     Gourm    .   (no shield)
rNeg     . . .     Faith    .   c - +0 robe
rPois    .         Spirit   .   (no helmet)
rElec    .         Reflect  .   (no cloak)
rCorr    .         Harm     .   (no gloves)
MR       .....                  (no boots)
Stlth    ++........             g - amulet of regeneration (curse)
HPRegen  0.00/turn              (no ring)
MPRegen  0.10/turn              (no ring)

@: lethally poisoned (0 -> -20), non-regenerating
A: damage resistance, heal wounds, sense surroundings 1, no regeneration
a: Heal Wounds


You were on level 3 of the Dungeon.
You were not hungry.

You visited 1 branch of the dungeon, and saw 3 of its levels.

You collected 102 gold pieces.

Inventory:

Hand Weapons
 a - a +2 whip of electrocution (weapon)
 m - a +0 blowgun
Missiles
 b - 59 stones (quivered)
 l - 10 poisoned needles
Armour
 c - a +0 robe (worn)
Jewellery
 g - a cursed amulet of regeneration (around neck)
Wands
 k - a wand of acid (8)
Scrolls
 i - 2 scrolls of identify {!r, unknown}
 j - a scroll of enchant weapon {!r, unknown}
Comestibles
 d - 3 rations


   Skills:
 - Level 2.1 Dodging
 - Level 2.4 Stealth
 + Level 2.4 Spellcasting
 - Level 0.8 Transmutations
 * Level 5.6 Earth Magic


You had 3 spell levels left.
You knew the following spells:

 Your Spells              Type           Power        Failure   Level  Hunger
a - Sandblast             Erth           ###...       1%          1    #......
b - Passwall              Tmut/Erth      ##......     9%          2    ###....

Your spell library contained the following spells:

 Spells                   Type           Power        Failure   Level  Hunger
 Stone Arrow              Conj/Erth      ##....       19%         3    ###....
 Petrify                  Tmut/Erth      ##......     47%         4    #####..
 Lee's Rapid Deconstruct  Erth           ###.......   50%         5    ######.


Dungeon Overview and Level Annotations

Branches:
Dungeon (3/15)

Altars:
Xom


Innate Abilities, Weirdness & Mutations

You are resistant to damage.
You can heal yourself by infusing magical energy.
You passively map a small area around you.
You do not regenerate.


Message History

Found 31 arrows.
A hobgoblin and a kobold come into view.
The hobgoblin shouts!
You hear a shout!
Found a stone staircase leading down.
The kobold shouts!
You hear a shout!
The leopard gecko hisses angrily.
A kobold comes into view. It is wielding a whip.
Found 8 gold pieces.
You hit the leopard gecko.
The leopard gecko is moderately wounded.
The leopard gecko bites you.
* * * LOW HITPOINT WARNING * * *
The kobold shoots a poisoned needle.
The poisoned needle hits you!
You are poisoned.
You hit the leopard gecko.
Lightning courses through the leopard gecko!
You kill the leopard gecko!
A bat comes into view.
You closely miss the hobgoblin. The hobgoblin barely misses you.
The kobold hits you but does no damage.
You closely miss the hobgoblin. The hobgoblin misses you.
The kobold hits you with an enchanted short sword.
You closely miss the bat. The bat closely misses you.
The hobgoblin barely misses you. The kobold misses you.
You hit the hobgoblin.
The hobgoblin is moderately wounded.
The hobgoblin hits you but does no damage.
The kobold barely misses you. The bat closely misses you.
The kobold shoots a poisoned needle.
The poisoned needle closely misses you. The kobold barely misses you.
You hit the hobgoblin but do no damage.
The hobgoblin is moderately wounded.
The bat hits you but does no damage.
The kobold hits you with an enchanted short sword.
* * * LOW HITPOINT WARNING * * *
The hobgoblin completely misses you.
The kobold shoots a poisoned needle.
The poisoned needle hits you!
You are more poisoned.
The kobold barely misses you.
You hit the hobgoblin.
You kill the hobgoblin!
The kobold hits you with an enchanted short sword.
The bat hits you but does no damage.
The kobold shoots a poisoned needle.
The poisoned needle hits you!
You are more poisoned.
The kobold hits you with a whip.
* * * LOW HITPOINT WARNING * * *
The kobold misses you.
You closely miss the kobold. The bat hits you.
The kobold shoots a poisoned needle.
The poisoned needle hits you!
You are more poisoned.
The kobold hits you but does no damage.
The kobold hits you with an enchanted short sword.
You feel sick. The bat closely misses you. The kobold barely misses you.
You feel sick. The bat hits you.
The kobold shoots a poisoned needle.
The poisoned needle hits you!
You are lethally poisoned!
You see here a poisoned needle.
* * * LOW HITPOINT WARNING * * *
You feel very sick. The bat hits you.
The kobold shoots a poisoned needle.
The poisoned needle hits you!
You are more poisoned.
You see here a poisoned needle.
You die...

#....# #.#.#
...........
#....# #.#.#
,....(.#..#*
#....# #.#.#
*#.......>#
###....####.#.#
#........#
..#...........#
#........##*
..#....####.###
#..........*
..#....# #.#
#..K)......
..###### #.#
####..(†....$., ,
..# #.#
#.@(Kb.....#.#*
..# #.#
#.##.K.....# ..#
#.#
#.##.........#
..# #.#
#.######...... ,
.## ######.# #.#
...... .#
#...##.# #.#
.#.... .#
#.#.##.###.#
.#....
.#####.#........#
..
.......####.#####
*


You could see a bat and 3 kobolds.

Vanquished Creatures
  An ooze (D:1)
  A worm (D:2)
  2 dart slugs (D:1)
  2 leopard geckos
  4 orcs
  3 bats
  A giant cockroach (D:1)
  6 goblins
  3 hobgoblins
  6 kobolds
  A ball python (D:3)
  2 frilled lizards
  3 rats
35 creatures vanquished.

Notes
Turn   | Place    | Note
-------+----------+-------------------------------------------
     0 | D:1      | Amnesiac the Deep Dwarf Earth Elementalist began the quest
                  | for the Orb.
     0 | D:1      | Reached XP level 1. HP: 15/15 MP: 3/3
   106 | D:1      | Reached XP level 2. HP: 22/22 MP: 0/5
   277 | D:1      | Reached skill level 5 in Earth Magic
   318 | D:2      | Learned a level 2 spell: Passwall
   471 | D:2      | Reached XP level 3. HP: 28/28 MP: 3/6
   775 | D:3      | Found a shimmering altar of Xom.
  1041 | D:3      | Succumbed to a kobold's poison

Vault maps used:
D:1:      shiori_arrival_oz
D:2:      nicolae_qazlal_eye_of_the_storm, first_ration
D:3:      xom_teletrap_fun

Skill      XL: |  1  2 |
---------------+-------+-----
Spellcasting   | 2 |  2.4
Earth Magic    | 5 |  5.6
Dodging        | |  2.1
Stealth        | |  2.4
Transmutations | |  0.8

Action                   || total
-------------------------++-------
Melee: Unarmed           ||     2
       Whip              ||    52
 Cast: Sandblast         ||    23
  Use: Potion            ||     2
 Stab: Sleeping          ||     2
  Eat: Chunk             ||     1
Armor: Robe              ||    12
Dodge: Dodged            ||    53

Table legend:
 A = Non-vault XP
 B = Vault XP
 C = Vault XP percentage of total XP
 D = Non-vault monster count
 E = Vault monster count
 F = Vault count percentage of total count
                 A         B        C        D         E       F
            +---------+---------+-------+---------+---------+-------
      Total |      71 |       4 |   5.3 |      33 |       2 |   5.7
            +---------+---------+-------+---------+---------+-------
        D:1 |      29 |       4 |  12.1 |      11 |       2 |  15.4
        D:2 |      15 |       0 |   0.0 |       6 |       0 |   0.0
        D:3 |      27 |       0 |   0.0 |      16 |       0 |   0.0
            +---------+---------+-------+---------+---------+-------
